 Dungeon Crawl Stone Soup version 0.24-a0-235-g3f03afc (webtiles) character file.

Game seed: 9342754980597178717

109 Hylith the Conjurer (level 4, 0/36 HPs)
             Began as a Draconian Conjurer on Apr 6, 2019.
             Killed from afar by an orc wizard (6 damage)
             ... with a magic dart
             ... on level 2 of the Dungeon.
             The game lasted 00:04:35 (1586 turns).

Hylith the Conjurer (Draconian Conjurer)            Turns: 1586, Time: 00:04:35

Health: 0/36       AC:  6    Str: 11    XL:     4   Next: 59%
Magic:  7/7        EV: 12    Int: 16    God:
Gold:   77         SH:  0    Dex: 11    Spells: 7/8 levels left

rFire    . . .     SeeInvis .   i - +4 whip
rCold    . . .     Gourm    .   (no shield)
rNeg     . . .     Faith    .   (armour unavailable)
rPois    .         Spirit   .   (helmet restricted)
rElec    .         Reflect  .   l - +0 cloak (curse)
rCorr    .         Harm     .   (no gloves)
MR       .....                  (no boots)
Stlth    ++........             (no amulet)
HPRegen  0.12/turn              (no ring)
MPRegen  0.10/turn              (no ring)

@: no status effects
A: unfitting armour, cold-blooded, AC +5
a: no special abilities


You were on level 2 of the Dungeon.
You were not hungry.

You visited 1 branch of the dungeon, and saw 3 of its levels.

You collected 77 gold pieces.

Inventory:

Hand Weapons
 a - a +0 short sword
 i - a +4 whip (weapon)
Missiles
 k - 27 stones (quivered)
Armour
 l - a cursed +0 cloak (worn)
Wands
 p - a wand of random effects (23)
Scrolls
 d - a scroll of immolation {unknown}
 e - a scroll of identify {unknown}
 f - a scroll of amnesia {unknown}
 h - a scroll of blinking {unknown}
 n - a scroll of teleportation {unknown}
 o - a scroll of remove curse {unknown}
Potions
 c - a potion of haste {unknown}
 g - a potion of curing
 j - a potion of berserk rage {unknown}
 m - 2 potions of brilliance {unknown}
Comestibles
 b - 6 rations
 q - 2 chunks of flesh


   Skills:
 * Level 2.0 Fighting
 - Level 2.0 Dodging
 - Level 2.0 Stealth
 + Level 2.5 Spellcasting
 + Level 5.1 Conjurations


You had 7 spell levels left.
You knew the following spells:

 Your Spells              Type           Power        Failure   Level  Hunger
a - Magic Dart            Conj           ###.         2%          1    #......

Your spell library contained the following spells:

 Spells                   Type           Power        Failure   Level  Hunger
 Searing Ray              Conj           ###...       3%          2    ##.....
 Dazzling Spray           Conj/Hex       ##....       21%         3    ###....
 Iskenderun's Mystic Bla  Conj           ###.....     24%         4    #####..
 Force Lance              Conj/Tloc      ##......     56%         4    #####..
 Fulminant Prism          Conj/Hex       ##........   56%         4    #####..


Dungeon Overview and Level Annotations

Branches:
Dungeon (3/15)

Altars:


Innate Abilities, Weirdness & Mutations

Your plain brown scales are hard. (AC +5)
You cannot fit into any form of body armour.
You are cold-blooded and may be slowed by cold attacks.


Message History

The orc wizard hits you but does no damage.
You closely miss the orc wizard. You tail-slap the orc wizard.
The orc wizard is heavily wounded.
The orc wizard gestures at you while chanting.
The magic dart hits you.
The orc wizard hits you but does no damage.
You hit the orc wizard.
The orc wizard is severely wounded.
The orc wizard hits you with a +0 dagger.
* * * LOW HITPOINT WARNING * * *
The orc wizard hits you but does no damage.
You closely miss the orc wizard. You tail-slap the orc wizard.
The orc wizard is severely wounded.
The orc wizard hits you with a +0 dagger.
* * * LOW HITPOINT WARNING * * *
You hit the orc wizard but do no damage.
The orc wizard is severely wounded.
The orc wizard gestures at you while chanting.
The magic dart hits you.
You die...

.#.####...#)# #.# #.#
.#..........# ##.# #.#
#######...### #..# #.###
#######.#### #.## #....
#..........# #.# #####
#.####..)..## #.# #.#
#......########.# #.#
####......o÷..#.#####
#.#######...##.@........[#######
#.##.>..............<###........
#.##.#.##...##.#.#.### #########
#.##.#.###.###.#.#.# #.##.#.#
#.###<#.#.## #..#.#.#
#.##.......# ##.#.#.#
#.##.)#.##.##
###.#.#.###.#...#.#...####
.##.#).#.##............>.#


You could see an orc wizard.

Vanquished Creatures
  An orc wizard (D:3)
  4 adders (D:2)
  An ooze (D:1)
  A worm (D:2)
  2 dart slugs (D:1)
  A leopard gecko (D:1)
  An orc (D:2)
  A bat (D:1)
  A giant cockroach (D:2)
  5 goblins
  5 hobgoblins
  6 kobolds
  A quokka (D:2)
  A ball python (D:3)
  2 frilled lizards
  4 rats (D:2)
37 creatures vanquished.

Notes
Turn   | Place    | Note
-------+----------+-------------------------------------------
     0 | D:1      | Hylith the Draconian Conjurer began the quest for the Orb.
     0 | D:1      | Reached XP level 1. HP: 14/14 MP: 3/3
   160 | D:1      | Reached XP level 2. HP: 22/22 MP: 3/5
   435 | D:1      | Reached skill level 1 in Fighting
   699 | D:2      | Reached XP level 3. HP: 26/28 MP: 3/6
  1046 | D:2      | Reached XP level 4. HP: 23/36 MP: 0/7
  1448 | D:2      | Reached skill level 5 in Conjurations
  1586 | D:2      | Killed from afar by an orc wizard

Levels and vault maps discovered:
D:1:      minmay_arrival_jagged, layout_loops_ring
D:2:      layout_loops_ring
D:3:      layout_loops_ring

Skill      XL: |  1  2  3  4 |
---------------+-------------+-----
Fighting       | 1 2 |  2.0
Dodging        | 2 |  2.0
Stealth        | 2 |  2.0
Conjurations   | 5 |  5.1
Spellcasting   | |  2.5

Action                   |  1- 3 |  4- 6 || total
-------------------------+-------+-------++-------
Melee: Short sword       |    28 |       ||    28
       Tailslap          |     5 |     3 ||     8
       Unarmed           |     1 |       ||     1
       Whip              |    32 |    32 ||    64
 Cast: Magic Dart        |    50 |     7 ||    57
  Use: Potion            |     1 |       ||     1
 Stab: Sleeping          |     1 |       ||     1
  Eat: Chunk             |     1 |     2 ||     3
Armor: Skin              |    14 |    12 ||    26
Dodge: Dodged            |    50 |    40 ||    90

Table legend:
 A = Non-vault XP
 B = Vault XP
 C = Vault XP percentage of total XP
 D = Non-vault monster count
 E = Vault monster count
 F = Vault count percentage of total count
                 A         B        C        D         E       F
            +---------+---------+-------+---------+---------+-------
      Total |     156 |       0 |   0.0 |      37 |       0 |   0.0
            +---------+---------+-------+---------+---------+-------
        D:1 |      35 |       0 |   0.0 |      14 |       0 |   0.0
        D:2 |      82 |       0 |   0.0 |      20 |       0 |   0.0
        D:3 |      39 |       0 |   0.0 |       3 |       0 |   0.0
            +---------+---------+-------+---------+---------+-------
